 Dungeon Crawl Stone Soup version 0.17-a0-1941-gcc30b76 (webtiles) character file.

95284 Kuldar the Eclecticist (level 15, -23/72 HPs)
             Began as a Deep Elf Wizard on Sept 29, 2015.
             Was the Champion of Vehumet.
             Killed from afar by a deep elf conjurer (28 damage)
             ... with a bolt of lightning
             ... on level 1 of the Elven Halls on Sept 30, 2015.
             The game lasted 03:23:56 (32569 turns).

Kuldar the Eclecticist (Deep Elf Wizard)           Turns: 32569, Time: 03:23:56

Health: -23/72     AC: 12    Str:  4    XL:     15   Next: 65%
Magic:  18/45      EV: 15    Int: 32    God:    Vehumet [******]
Gold:   2446       SH:  0    Dex: 13    Spells: 15 memorised, 2 levels left

rFire  + . .     SeeInvis +     L - +2 falchion (distort) {!w !f}
rCold  + + .     Clarity  .     d - +0 robe {rF+}
rNeg   + . .     SustAt   .     (no shield)
rPois  .         Gourm    .     S - +2 helmet {rC+}
rElec  .         Spirit   .     V - +0 cloak {rC+}
rCorr  .         Warding  +     k - +0 pair of gloves
rMut   .         Stasis   .     m - +0 pair of boots
MR     +....                    E - amulet of warding
Stlth  ++........               j - +3 ring of evasion
                                o - ring of see invisible

@: stone skin, shrouded (expiring), delayed fireball, repel missiles, somewhat
resistant to hostile enchantments, unstealthy
A: clever 1, high mp 1
a: Renounce Religion, Release Delayed Fireball


You were on level 1 of the Elven Halls.
You worshipped Vehumet.
Vehumet was exalted by your worship.
You were not hungry.

You visited 5 branches of the dungeon, and saw 25 of its levels.
You also visited: Labyrinth, Ossuary and Ice Cave.

You collected 2446 gold pieces.

Inventory:

Hand weapons
 L - a +2 falchion of distortion (weapon) {!w !f}
Armour
 d - a +0 robe of fire resistance (worn)
 k - a +0 pair of gloves (worn)
 m - a +0 pair of boots (worn)
 Q - a +2 robe of cold resistance
 S - a +2 helmet of cold resistance (worn)
 U - a +2 cloak of invisibility
 V - a +0 cloak of cold resistance (worn)
Jewellery
 j - a +3 ring of evasion (right hand)
 o - a ring of see invisible (left hand)
 v - the amulet of Cekugob {Ward -Tele rElec rPois rN++ AC+1 EV+1}
   (You found it on level 4 of the Dungeon)

   [amulet of warding]

   It may prevent the melee attacks of summoned creatures.
   It affects your AC (+1).
   It affects your evasion (+1).
   It insulates you from electricity.
   It protects you from poison.
   It greatly protects you from negative energy.
   It prevents most forms of teleportation.
 w - an uncursed amulet of clarity {unknown}
 E - an amulet of warding (around neck)
Magical devices
 a - a wand of cold (6)
 l - a wand of slowing (12)
 n - a wand of polymorph (10)
 q - a wand of random effects (25)
 D - a wand of flame (7)
 F - a wand of teleportation (2)
 I - a wand of paralysis (9)
 J - a wand of cold (9)
 N - a wand of cold (6)
 O - a wand of fire (2)
 P - a wand of lightning (4)
 T - a wand of fireball (3)
 W - a wand of heal wounds (5)
 X - a wand of disintegration (9)
Scrolls
 b - 12 scrolls of remove curse
 e - a scroll of recharging
 r - 3 scrolls of immolation
 s - 7 scrolls of teleportation
 y - 3 scrolls of fear
 R - a scroll of holy word
Potions
 h - 10 potions of curing
 i - 2 potions of magic
 u - 5 potions of might
 x - 2 potions of brilliance
 z - a potion of invisibility
 A - 2 potions of haste
 B - 3 potions of ambrosia
 C - 5 potions of agility
 G - a potion of cancellation
 H - a potion of flight
 M - a potion of lignification {unknown}
 Z - 2 potions of resistance {unknown}
Comestibles
 c - 2 chunks of flesh
 t - 21 fruits


   Skills:
 - Level 2.4 Dodging
 - Level 2.4 Stealth
 * Level 20.3 Spellcasting
 * Level 17.2 Conjurations
 + Level 5.9 Charms
 + Level 7.3 Summonings
 + Level 4.3 Translocations
 + Level 4.2 Transmutations
 * Level 12.0 Fire Magic
 * Level 5.9 Air Magic
 + Level 2.5 Poison Magic


You had 2 spell levels left.
You knew the following spells:

 Your Spells              Type           Power        Failure   Level  Hunger
b - Blink                 Tloc           N/A          1%          2    None
e - Conjure Flame         Conj/Fire      #######.     0%          3    None
f - Bolt of Fire          Conj/Fire      #######...   1%          6    None
g - Fireball              Conj/Fire      #######...   1%          5    None
h - Mephitic Cloud        Conj/Pois/Air  ######..     1%          3    None
j - Delayed Fireball      Conj/Fire      N/A          1%          7    ##.....
k - Freezing Cloud        Conj/Ice/Air   ######....   2%          6    None
l - Orb of Destruction    Conj           #######...   1%          7    ##.....
m - Repel Missiles        Chrm/Air       ######       1%          2    None
n - Stoneskin             Trmt/Erth      #####...     1%          2    None
p - Spellforged Servitor  Conj/Summ      #######...   2%          7    ##.....
s - Sting                 Conj/Pois      ####         1%          1    None
v - Shroud of Golubria    Chrm/Tloc      ######....   1%          2    None
x - Regeneration          Chrm/Necr      ######....   1%          3    None
z - Apportation           Tloc           ######....   1%          1    None


Dungeon Overview and Level Annotations

Branches:
Dungeon (11/15)            Temple (1/1) D:6            Lair (8/8) D:10
  Swamp (0/4) Lair:5       Spider (0/4) Lair:6        Slime (0/6) Lair:6
    Orc (4/4) D:9             Elf (1/3) Orc:3

Altars:
Ashenzari
Cheibriados
Dithmenos
Elyvilon
Fedhas
Gozag
Kikubaaqudgha
Makhleb
Nemelex Xobeh
Okawaru
Qazlal
Ru
Sif Muna
Trog
Vehumet
Xom
Yredelemnul
Zin
The Shining One
Jiyva

Shops:
Orc:2 }   Orc:4 =%:(

Annotations:
D:5 Ordine's ghost, experienced GrEE
Lair:1 AvylaarBelgium's ghost, powerful DsGl
Lair:6 1 runed door


Innate Abilities, Weirdness & Mutations

Your mind is acute. (Int +2)
You have an increased reservoir of magic (+10% MP).


Message History

The deep elf conjurer gestures at you while chanting.
The bolt of lightning misses the deep elf priest.
The bolt of lightning misses you. The bolt of lightning hits you!
Ouch! That really hurt!
Unknown command.
Casting: Bolt of Fire
Confirm with . or Enter, or press ? or * to list all spells.
Aiming: Bolt of Fire
Press: ? - help, Shift-Dir - straight line, f - deep elf conjurer, p - deep elf priest
Aim: a deep elf conjurer, wielding a short sword The bolt of fire hits the deep elf priest.
You kill the deep elf priest!
Vehumet accepts your kill.
You feel your power returning.
The bolt of fire misses the deep elf conjurer.
The deep elf conjurer casts a spell at you.
The bolt of lightning hits you!
* * * LOW HITPOINT WARNING * * *
The bolt of lightning hits you!
You die...

#.......'.........
##.######.........
#.# ##........ #.#
##....... #.#
######## #.# #.#
####.# #..@.#
#/.### #.) #)) #..
#.e #.. #..


You could see a deep elf conjurer.

Vanquished Creatures
  Kirke (Lair:8)
  Maud (Lair:8)
  2 orc warlords (Orc:4)
  The ghost of chimenez the Basher, a powerful DsFi (Lair:3)
  A minotaur (Lab)
  Erolcha (Orc:1)
  Harold (Orc:3)
  5 hydras
  5 death yaks (Lair:8)
  3 orc high priests (Orc:4)
  Urug (Lair:2)
  The ghost of Oddball22 the Artisan of Death, an experienced DsNe of Kikubaaqudgha (D:9)
  A fire crab (Lair:7)
  A lindwurm (Lair:8)
  A deep elf summoner (Elf:1)
  An ice statue (IceCv)
  4 hill giants
  Pikel (D:4)
  A deep elf conjurer (Elf:1)
  A necromancer (IceCv)
  3 oklob plants
  2 cyclopes
  5 orc sorcerers
  2 griffons
  5 orc knights
  13 elephants
  28 spiny frogs
  3 black mambas
  4 gargoyles (Lab)
  4 fire drakes
  6 komodo dragons
  4 trolls
  A minotaur zombie (Lab)
  A deep elf priest (Elf:1)
  10 freezing wraiths (IceCv)
  50 blink frogs
  A queen bee (Lair:5)
  4 giant leeches (Lair:8)
  2 boulder beetles (Lair:8)
  2 wyverns
  4 basilisks
  3 deep elf magi (Elf:1)
  48 yaks
  3 deep elf fighters (Elf:1)
  14 hippogriffs
  6 hogs
  6 humans (Lair:1)
  3 hungry ghosts
  7 vampire mosquitoes
  7 wargs
  11 water moccasins
  7 porcupines
  14 wolves
  6 centaurs
  A death yak simulacrum (IceCv)
  A soldier ant (D:8)
  Duvessa (D:6)
  23 orc warriors
  18 ice beasts
  2 black bears
  2 wasps
  A phantom (D:6)
  2 sky beasts
  12 ogres
  22 crocodiles
  A big kobold (D:10)
  Dowan (D:6)
  32 giant frogs
  3 scorpions
  An elephant simulacrum (IceCv)
  8 wights
  6 electric eels
  36 killer bees
  A quasit (D:7)
  4 draconian simulacra (IceCv)
  5 crimson imps
  4 giant frog zombies
  25 orc priests
  11 worker ants
  9 hounds
  A centaur skeleton (D:7)
  6 jellies
  26 orc wizards
  2 spriggan simulacra (IceCv)
  10 iguanas
  4 troll simulacra (IceCv)
  2 wolf simulacra (IceCv)
  A big kobold zombie (Ossuary)
  4 centaur simulacra (IceCv)
  27 sheep
  A hound skeleton (D:4)
  2 hound zombies
  8 mummies (Ossuary)
  2 worker ant zombies (D:9)
  9 gnolls
  12 adders
  4 ogre simulacra (IceCv)
  41 river rats
  2 naga simulacra (IceCv)
  12 white imps (IceCv)
  An ooze (D:4)
  2 adder zombies
  A worm zombie (D:8)
  2 adder skeletons
  3 worms
  5 giant geckos
  151 orcs
  4 bats
  8 giant cockroaches
  9 goblins
  7 hobgoblins
  23 jackals
  11 kobolds
  A ball python (D:1)
  2 giant newts
  2 hobgoblin zombies (Ossuary)
  3 kobold zombies (Ossuary)
  2 orc zombies (Ossuary)
  4 quokkas
  A quokka zombie (D:7)
  8 rats
  A rat zombie (D:8)
  5 bushes (Lair:4)
  9 fungi
  13 plants
1009 creatures vanquished.

Vanquished Creatures (collateral kills)
  An orc (D:11)
1 creature vanquished.

Vanquished Creatures (others)
  A centaur zombie (D:11)
  A vampire mosquito (Lair:8)
  A black bear (D:11)
  A slave (D:4)
  A giant frog (Lair:8)
  A killer bee (D:11)
  An orc priest (Orc:3)
  3 orcs
  A giant cockroach (D:8)
  A quokka (D:7)
  28 fungi
  18 plants
58 creatures vanquished.

Grand Total: 1068 creatures vanquished

Notes
Turn   | Place    | Note
--------------------------------------------------------------
     0 | D:1      | Kuldar the Deep Elf Wizard began the quest for the Orb.
     0 | D:1      | Reached XP level 1. HP: 10/10 MP: 7/7
   243 | D:1      | Reached XP level 2. HP: 15/15 MP: 7/9
   705 | D:1      | Reached skill level 5 in Spellcasting
   896 | D:2      | Reached XP level 3. HP: 19/19 MP: 3/11
   902 | D:2      | Learned a level 2 spell: Blink
   905 | D:2      | Learned a level 2 spell: Repel Missiles
   909 | D:2      | Learned a level 3 spell: Conjure Flame
   913 | D:2      | Learned a level 3 spell: Mephitic Cloud
  1485 | D:2      | You fall through a shaft for 2 floors!
  1687 | D:3      | Reached XP level 4. HP: 24/24 MP: 0/13
  2029 | D:3      | Reached skill level 6 in Spellcasting
  2742 | D:3      | Reached XP level 5. HP: 25/28 MP: 8/16
  2956 | D:3      | Reached skill level 7 in Spellcasting
  3254 | D:4      | Noticed an ogre
  3259 | D:4      | Killed an ogre
  3259 | D:4      | Reached XP level 6. HP: 26/32 MP: 5/18
  3313 | D:4      | Noticed an ogre
  3322 | D:4      | Killed an ogre
  3322 | D:4      | Reached skill level 8 in Spellcasting
  3322 | D:4      | Reached skill level 5 in Conjurations
  3470 | D:4      | Noticed an ogre
  3478 | D:4      | Killed an ogre
  3478 | D:4      | Reached XP level 7. HP: 36/36 MP: 8/20
  3858 | D:4      | Noticed a centaur
  3889 | D:4      | Found a blossoming altar of Fedhas.
  3891 | D:4      | Noticed a slave
  3901 | D:4      | Noticed Pikel
  3912 | D:4      | Noticed a slave
  3914 | D:4      | Noticed a slave
  3914 | D:4      | Noticed a slave
  3926 | D:4      | Killed Pikel
  3926 | D:4      | Reached skill level 9 in Spellcasting
  3926 | D:4      | Reached XP level 8. HP: 10/41 MP: 2/23
  3941 | D:4      | Killed a freed slave
  4202 | D:4      | Found a sacrificial altar of Ru.
  4215 | D:4      | Reached skill level 10 in Spellcasting
  4689 | D:5      | Entered Level 5 of the Dungeon
  4815 | D:4      | Killed a centaur
  4933 | D:5      | Found a bloodstained altar of Trog.
  5126 | D:5      | Noticed Ordine's ghost (experienced GrEE)
  5153 | D:4      | Reached skill level 11 in Spellcasting
  5497 | D:5      | Found a deep blue altar of Sif Muna.
  5497 | D:5      | Found a snail-covered altar of Cheibriados.
  5499 | D:5      | Found a basalt altar of Yredelemnul.
  5828 | D:6      | Found a staircase to the Ecumenical Temple.
  5842 | Temple   | Entered the Ecumenical Temple
  5869 | Temple   | Became a worshipper of Vehumet
  5923 | D:6      | Reached XP level 9. HP: 31/45 MP: 4/26
  6155 | D:6      | Found a shattered altar of Ashenzari.
  6454 | D:6      | Noticed Duvessa
  6457 | D:6      | Noticed Dowan
  6584 | D:6      | Killed Duvessa
  6584 | D:6      | Reached skill level 12 in Spellcasting
  6596 | D:6      | Killed Dowan
  6964 | D:7      | Found a white marble altar of Elyvilon.
  7228 | D:7      | Reached skill level 10 in Conjurations
  7812 | D:7      | Reached skill level 13 in Spellcasting
  7982 | D:7      | Acquired Vehumet's first power
  7982 | D:7      | Offered knowledge of Freeze by Vehumet.
  8644 | D:7      | Reached XP level 10. HP: 50/50 MP: 20/29
  8735 | D:7      | Found an ancient bone altar of Kikubaaqudgha.
  9172 | D:8      | Found a sand-covered staircase.
  9186 | D:8      | Offered knowledge of Sting by Vehumet.
  9246 | Ossuary  | Entered an ossuary
  9250 | Ossuary  | Learned a level 1 spell: Sting
  9908 | D:8      | Offered knowledge of Stone Arrow by Vehumet.
  9908 | D:8      | Reached skill level 14 in Spellcasting
  9913 | D:8      | Learned a level 3 spell: Stone Arrow
 10773 | D:8      | Gained mutation: Your mind is acute. (Int +2) [mutagenic meat]
 10774 | D:8      | Gained mutation: You have an increased reservoir of magic (+10% MP). [mutagenic meat]
 11084 | D:9      | Found a staircase to the Orcish Mines.
 11156 | D:9      | Acquired Vehumet's second power
 11308 | D:9      | Noticed a hill giant
 11317 | D:9      | Killed a hill giant
 11317 | D:9      | Reached skill level 15 in Spellcasting
 11398 | D:9      | Noticed a hill giant
 11405 | D:9      | Killed a hill giant
 11794 | D:9      | Noticed Oddball22's ghost (experienced DsNe)
 11809 | D:9      | Killed Oddball22's ghost
 11809 | D:9      | Reached XP level 11. HP: 54/54 MP: 9/35
 11969 | D:10     | Entered Level 10 of the Dungeon
 11970 | D:10     | Found a staircase to the Lair.
 12144 | D:10     | Noticed a hill giant
 12172 | D:10     | Killed a hill giant
 12289 | D:10     | Offered knowledge of Static Discharge by Vehumet.
 12929 | Lair:1   | Entered Level 1 of the Lair of Beasts
 12985 | D:11     | Noticed a hill giant
 13113 | D:11     | Killed a hill giant
 13113 | D:11     | Reached skill level 16 in Spellcasting
 13255 | D:10     | Acquired Vehumet's third power
 13962 | D:11     | Offered knowledge of Airstrike by Vehumet.
 14401 | D:11     | Learned a level 6 spell: Bolt of Fire
 14407 | D:11     | Learned a level 5 spell: Fireball
 14741 | Lair:1   | Reached skill level 1 in Fire Magic
 14758 | Lair:1   | Noticed AvylaarBelgium's ghost (powerful DsGl)
 15368 | Lair:1   | Reached skill level 17 in Spellcasting
 15479 | Lair:1   | Noticed a five-headed hydra
 15482 | Lair:1   | Found a stormy altar of Qazlal.
 15523 | Lair:1   | Killed a five-headed hydra
 15523 | Lair:1   | Reached XP level 12. HP: 36/59 MP: 2/38
 16103 | Lair:1   | Offered knowledge of Ozocubu's Refrigeration by Vehumet.
 16954 | Lair:2   | Reached skill level 5 in Fire Magic
 17078 | Lair:2   | Noticed Urug
 17087 | Lair:2   | Killed Urug
 17747 | Lair:3   | Reached skill level 15 in Conjurations
 17801 | Lair:3   | Learned a level 2 spell: Stoneskin
 17809 | Lair:3   | Learned a level 7 spell: Delayed Fireball
 18046 | Lair:3   | Noticed chimenez's ghost (powerful DsFi)
 18197 | Lair:4   | Reached skill level 18 in Spellcasting
 18971 | Lair:4   | Reached XP level 13. HP: 63/63 MP: 32/40
 19423 | Lair:5   | Offered knowledge of Bolt of Draining by Vehumet.
 19443 | Lair:5   | Found a labyrinth entrance.
 19479 | Lab      | Entered a labyrinth
 19891 | Lab      | Identified Roxanne's Catalogue of Dusty Transmutation
 19897 | Lab      | Got a polished whip
 20022 | Lair:5   | Learned a level 1 spell: Apportation
 20025 | Lair:5   | Learned a level 2 spell: Shroud of Golubria
 20538 | Lair:5   | Found a staircase to the Swamp.
 20844 | Lair:6   | Found a hole to the Spider Nest.
 20892 | Lair:6   | Found a frozen archway.
 20895 | Lair:6   | Reached skill level 19 in Spellcasting
 20915 | IceCv    | Entered an ice cave
 21389 | IceCv    | Found an ancient bone altar of Kikubaaqudgha.
 21390 | IceCv    | Offered knowledge of Orb of Destruction by Vehumet.
 21488 | IceCv    | Reached skill level 10 in Fire Magic
 21855 | Lair:6   | Learned a level 7 spell: Orb of Destruction
 21869 | Lair:6   | Learned a level 6 spell: Freezing Cloud
 22066 | Lair:6   | Reached skill level 1 in Air Magic
 22195 | Lair:6   | Found a runed door.
 22195 | Lair:6   | Found a viscous altar of Jiyva.
 22195 | Lair:6   | Found a staircase to the Slime Pits.
 23147 | Lair:7   | Reached skill level 1 in Transmutations
 23158 | Lair:7   | Reached XP level 14. HP: 68/68 MP: 32/43
 23160 | Lair:7   | Reached skill level 1 in Charms
 23895 | Lair:8   | Entered Level 8 of the Lair of Beasts
 23898 | Lair:8   | Offered knowledge of Bolt of Magma by Vehumet.
 24018 | Lair:8   | Noticed Maud
 24252 | Lair:8   | Noticed Kirke
 25076 | Lair:8   | Killed Kirke
 25252 | Lair:8   | Learned a level 7 spell: Spellforged Servitor
 26083 | Lair:8   | Offered knowledge of Conjure Ball Lightning by Vehumet.
 26083 | Lair:8   | Reached skill level 5 in Summonings
 26708 | Lair:8   | Killed Maud
 26993 | Lair:8   | Identified the Handbook of Supportive Evil (You found it on level 8 of the Lair of Beasts)
 27052 | Lair:8   | Reached XP level 15. HP: 72/72 MP: 36/44
 27052 | Lair:8   | Reached skill level 20 in Spellcasting
 27531 | Lair:7   | Reached skill level 1 in Poison Magic
 27712 | Lair:3   | Killed chimenez's ghost
 27879 | Lair:3   | Learned a level 3 spell: Regeneration
 28020 | Orc:1    | Entered Level 1 of the Orcish Mines
 28445 | Orc:2    | Offered knowledge of Poison Arrow by Vehumet.
 28464 | Orc:2    | Reached skill level 5 in Air Magic
 28895 | Orc:2    | Found Sishroav's Quality Used Wands.
 29011 | Orc:1    | Noticed Erolcha
 29088 | Orc:3    | Noticed Harold
 29098 | Orc:3    | Killed Harold
 29567 | Orc:3    | Found a staircase to the Elven Halls.
 29918 | Orc:3    | Found a bloodstained altar of Trog.
 30063 | Orc:1    | Killed Erolcha
 30063 | Orc:1    | Reached skill level 5 in Charms
 30237 | Orc:4    | Entered Level 4 of the Orcish Mines
 30244 | Orc:4    | Offered knowledge of Poisonous Cloud by Vehumet.
 32007 | Orc:4    | Found Jeliraif's Weapon Shoppe.
 32007 | Orc:4    | Found Dyesmide's Jewellery Shop.
 32009 | Orc:4    | Found Orchane's Book Shoppe.
 32009 | Orc:4    | Found Ebra's Food Shop.
 32419 | Elf:1    | Entered Level 1 of the Elven Halls
 32569 | Elf:1    | Killed from afar by a deep elf conjurer

Vault maps used:
D:1:      dpeg_arrival_tiny_i
D:2:      patterned_corridor
D:3:      kennysheep_another_room, minivault_11, serial_bayou_pond_d
D:4:      nicolae_ru_great_annihilating_truth, fedhas_bush_and_centaur_altar,
          uniq_pikel
D:5:      minitemple, first_bread, lemuel_tele_altar
D:6:      kennysheep_mini, minmay_temple_entry_overgrown, serial_glass,
          glass_columns_a, glass_columns_a, due_unseen_surprise,
          feat_on_display, uniq_duvessa
D:7:      statuecave_lemuel, nicolae_overflow_hidden_temple, elyvilon_altar_4
D:8:      enter_ossuary_3, hangedman_pestilent_swarm, moated_statue
D:9:      orc_0_dummy
D:10:     lair_0_dummy
Temple:   circular_temple_12
Lair:1:   erik_1, basic_altar, uniq_gastronok
Lair:2:   uniq_urug
Lair:4:   disabler_island, lemuel_fruit_tree
Lair:5:   minmay_swamp_entry_reptiles, special_room, lab_entry_generic,
          grunt_megastairs_4, infiniplex_staircase_pool_2
Lair:6:   dummy_spider_entry, slime_altar_2, portal_ice_cave_entry_ice_beasts,
          hangedman_lair_unloving_vines
Lair:7:   guppyfry_lair_drakes, infiniplex_staircase_pool, serial_bayou_shore_a
Lair:8:   minmay_lair_end_frog_pond, uniq_kirke, uniq_maud
Orc:1:    uniq_erolcha
Orc:2:    nicolae_for_you_no_charge
Orc:3:    nicolae_orc_pool_cavern, trog_butcher_becter, uniq_harold
Orc:4:    grunt_orc_tribal_feast
Elf:1:    serial_shops, nicolae_shop_crystal, minmay_elf_annihilation
Lab:      labyrinth_hidden_loot, nicolae_lab_quarters, nicolae_lab_garden,
          lab_statue, nicolae_lab_flowing_pool, nicolae_lab_checkerboard,
          nicolae_lab_big_swirl, nicolae_lab_x, lab_block,
          labyrinth_skeletal_remains
Ossuary:  ossuary_tomb_3
IceCv:    ice_cave_small_necro

Action                   |  1- 3 |  4- 6 |  7- 9 | 10-12 | 13-15 || total
-------------------------+-------+-------+-------+-------+-------++-------
Melee: Unarmed           |     6 |       |       |       |       ||     6
       Whip              |       |     8 |    21 |       |       ||    29
       Rapier            |       |       |     8 |    72 |     7 ||    87
       Spear             |       |       |     4 |       |       ||     4
       Falchion          |       |       |       |       |    90 ||    90
 Cast: Magic Dart        |   116 |    98 |   474 |   225 |       ||   913
       Conjure Flame     |     2 |    10 |    32 |    22 |     3 ||    69
       Mephitic Cloud    |       |     9 |    33 |    28 |     2 ||    72
       Blink             |       |     1 |    16 |    41 |     8 ||    66
       Repel Missiles    |       |       |     1 |     2 |     1 ||     4
       Stone Arrow       |       |       |       |   118 |     4 ||   122
       Sting             |       |       |       |    75 |    59 ||   134
       Bolt of Fire      |       |       |       |   121 |   405 ||   526
       Fireball          |       |       |       |    22 |    95 ||   117
       Stoneskin         |       |       |       |     1 |    23 ||    24
       Delayed Fireball  |       |       |       |     1 |     9 ||    10
       Shroud of Golubri |       |       |       |       |    19 ||    19
       Orb of Destructio |       |       |       |       |    13 ||    13
       Freezing Cloud    |       |       |       |       |     2 ||     2
       Regeneration      |       |       |       |       |     4 ||     4
 Abil: Release Delayed F |       |       |       |       |     9 ||     9
       Evoke Invisibilit |       |       |       |       |     3 ||     3
Evoke: Wand              |     2 |     5 |    20 |    10 |    15 ||    52
  Use: Scroll            |       |       |       |    26 |    18 ||    44
       Potion            |       |       |       |       |     3 ||     3
 Stab: Confused          |       |     1 |       |     6 |       ||     7
       Paralysed         |       |       |       |     5 |     4 ||     9
  Eat: Chunk             |     2 |     6 |    15 |    34 |    41 ||    98
       Fruit             |       |       |       |     3 |     2 ||     5
       Pizza             |       |       |       |       |     1 ||     1
